 Dungeon Sprint DCSS version bcrawl-1.15.1 (webtiles) character file.

Game seed: 3772714154837339452

429 Chiseanne the Spear-Bearer (level 6, -7/53 HPs)
             Began as a Demonspawn Archaeologist on Sept 29, 2019.
             Was an Initiate of Gozag.
             Splashed by Sonja the acid dragon's acid (18 damage)
             ... in the Dungeon (Sprint I: "Red Sonja").
             The game lasted 00:02:53 (385 turns).

Chiseanne the Spear-Bearer (DsAc)                    Turns: 385, Time: 00:02:53

Health: -7/53      AC: -3    Str: 13    XL:     6   Next: 66%
Magic:  0/8        EV: 20    Int: 15    God:    Gozag
Gold:   323        SH:  0    Dex: 17    Spells: 5/5 levels left

rFire    . . .     SeeInvis .   a - +12 glaive of Prune {chop}
rCold    . . .     Gourm    .   (shield currently unavailable)
rNeg     . . .     Faith    .   p - +0 ring mail
rPois    .         Spirit   +   c - +1 hat
rElec    .         Reflect  .   (no cloak)
rCorr    .         Harm     .   (no gloves)
MR       .....     NoTele   +   d - +1 pair of boots
Stlth    +++.......             (no amulet)
HPRegen  0.17/turn              (no ring)
MPRegen  0.11/turn              (no ring)

@: agile, lethally poisoned (-7 -> -43), corroded, hasted and slowed
A: horns 1, spiny 1, magic shield
a: Potion Petition, Call Merchant, Bribe Branch, Renounce Religion


You were in the Dungeon.
You worshipped Gozag.
Gozag was aware of your devotion.
You were not hungry.

You visited 1 branch You collected 323 gold pieces.

Inventory:

Hand Weapons
 a - the +12 glaive of Prune (weapon) {chop}

   It inflicts extra damage upon your enemies.
 n - a +0 hunting sling
Missiles
 o - 99 sling bullets
Armour
 c - a +1 hat (worn)
 d - a +1 pair of boots (worn)
 p - a +0 ring mail (worn)
Wands
 q - a wand of polymorph (5)
Scrolls
 m - a scroll of blinking
Potions
 j - a potion of haste
 k - 2 potions of magic
Comestibles
 g - 2 rations {!d}
 h - a chunk of flesh


   Skills:
 * Level 6.8 Fighting
   Level 0.8 Maces & Flails
 * Level 9.5 Polearms
 * Level 3.0 Armour
 * Level 6.8 Dodging
 - Level 3.0 Stealth
 - Level 3.8 Evocations


You had 5 spell levels left.
You didn't know any spells.
Your spell library was empty.

Dungeon Overview and Level Annotations

Branches:
Dungeon (1/1)

Altars:
Cheibriados
Dithmenos
Elyvilon
Fedhas
Gozag
Hepliaklqana
Kikubaaqudgha
Nemelex Xobeh
Okawaru
Qazlal
Ru
Sif Muna
Trog
Uskayaw
Vehumet
Wu Jian
Yredelemnul
Zin
The Shining One

Shops:
D (

Annotations:
D Sonja


Innate Abilities, Weirdness & Mutations

You have a pair of small horns on your head.
You are partially covered in sharp spines.
When hurt, damage is shared between your health and your magic reserves.


Message History

The splash of acid hits you!
* * * LOW HITPOINT WARNING * * *
The acid corrodes you!
You are splashed with acid!
* * * LOW HITPOINT WARNING * * *
There is an open door here.
Evoke which item? (* to show all) (? for menu, Esc to quit)
Okay, then. [a] - 0 gold - curing and magic [b] - 0 gold - might, agility and brilliance [c] - 0 gold - heal wounds, haste and agility Purchase which effect?
You feel much better.
You feel yourself speed up.
You feel agile all of a sudden.
You feel very sick. Sonja spits acid at you. The splash of acid hits you!
* * * LOW HITPOINT WARNING * * *
The acid corrodes you!
You are splashed with acid!!
You die...
Your body crumbles into a pile of gold.

#<.#.['..#.)'..#
$$ $
#..').#..'..#..+
$$
#..#####'#####'#
#..####..#...#.#
#..#__####).##.#
$$
#).#_____##'#_.+
#⌠⌠#_.∩...÷.D._#
$$
####_..__##_.#'#
$$#_____###@#.#
$ $ #######
#.### $ $.$ $$
$$ #$.$# $ ##.##
$ $#+#$ $ $ $ $
$ $ $ $


You could see Sonja the acid dragon.

Vanquished Creatures
  Sigmund (D)
  A yak (D)
  An ogre (D)
  A jelly (D)
  Ijyb (D)
5 creatures vanquished.

Notes
Turn   | Place    | Note
-------+----------+-------------------------------------------
     0 | D        | Chiseanne the Demonspawn Archaeologist began the quest for
                  | the Orb.
     0 | D        | Reached XP level 1. HP: 15/15 MP: 1/1
     1 | D        | Noticed Ijyb
    13 | D        | Killed Ijyb
    13 | D        | Gained mutation: You are partially covered in sharp spines.
                  | [demonic ancestry]
    13 | D        | Reached XP level 2. HP: 13/25 MP: 2/2
   156 | D        | Noticed an ogre
   171 | D        | Killed an ogre
   171 | D        | Reached skill level 5 in Fighting
   171 | D        | Reached skill level 5 in Dodging
   171 | D        | Reached XP level 3. HP: 23/34 MP: 2/5
   171 | D        | Gained mutation: When hurt, damage is shared between your
                  | health and your magic reserves. [demonic ancestry]
   171 | D        | Reached XP level 4. HP: 27/40 MP: 2/6
   265 | D        | Noticed Sigmund
   275 | D        | Killed Sigmund
   275 | D        | Reached skill level 8 in Polearms
   275 | D        | Gained mutation: You have a pair of small horns on your
                  | head. [demonic ancestry]
   275 | D        | Reached XP level 5. HP: 45/46 MP: 7/7
   289 | D        | Found a shimmering blue altar of Sif Muna.
   290 | D        | Found an ornate altar of the Wu Jian Council.
   291 | D        | Found a radiant altar of Vehumet.
   299 | D        | Reached skill level 9 in Polearms
   299 | D        | Reached skill level 1 in Armour
   299 | D        | Reached XP level 6. HP: 47/52 MP: 8/8
   316 | D        | Found Mehumad's Antique Weapon Emporium.
   316 | D        | Found an ancient bone altar of Kikubaaqudgha.
   316 | D        | Found a hazy altar of Hepliaklqana.
   316 | D        | Found a hide-covered altar of Uskayaw.
   316 | D        | Found a basalt altar of Yredelemnul.
   316 | D        | Found an opulent altar of Gozag.
   316 | D        | Found a snail-covered altar of Cheibriados.
   316 | D        | Found a sacrificial altar of Ru.
   316 | D        | Found a shadowy altar of Dithmenos.
   316 | D        | Noticed a yak
   322 | D        | Killed a yak
   323 | D        | Found a stormy altar of Qazlal.
   323 | D        | Found a blossoming altar of Fedhas.
   323 | D        | Found a bloodstained altar of Trog.
   323 | D        | Found an iron altar of Okawaru.
   323 | D        | Found a glowing golden altar of the Shining One.
   323 | D        | Found a glowing silver altar of Zin.
   323 | D        | Found a white marble altar of Elyvilon.
   326 | D        | Found a sparkling altar of Nemelex Xobeh.
   330 | D        | Became a worshipper of Gozag Ym Sagoz the Greedy
   377 | D        | Noticed Sonja
   382 | D        | Noticed Sonja
   382 | D        | Sonja changed into Sonja the acid dragon
   385 | D        | Splashed by Sonja the acid dragon's acid

Skill      XL: |  1  2  3  4  5  6 |
---------------+-------------------+-----
Fighting       | 4 5 6 |  6.8
Dodging        | 4 5 6 |  6.8
Evocations     | 3 |  3.8
Polearms       | 8 9 |  9.5
Armour         | 1 3 |  3.0
Maces & Flails | |  0.8
Stealth        | |  3.0

Action                   |  1- 3 |  4- 6 || total
-------------------------+-------+-------++-------
Melee: Whip              |     9 |       ||     9
       Dagger            |     5 |     8 ||    13
       Glaive            |       |    10 ||    10
       Headbutt          |       |     2 ||     2
Invok: Potion Petition   |       |     1 ||     1
Evoke: Wand              |       |     2 ||     2
  Use: Potion            |     2 |     1 ||     3
 Stab: Sleeping          |       |     1 ||     1
Armor: Ring mail         |       |     7 ||     7
Dodge: Dodged            |     5 |    10 ||    15
